 Dungeon Crawl Stone Soup version 0.23-a0-446-g036aa52 (webtiles) character file.

282 JeffiDaFish the Digger (level 6, -3/32 HPs)
             Began as a Gargoyle Earth Elementalist on Nov 18, 2018.
             Slain by a slave (6 damage)
             ... led by Pikel
             ... on level 4 of the Dungeon on Nov 19, 2018.
             The game lasted 00:07:26 (3753 turns).

JeffiDaFish the Digger (GrEE)                       Turns: 3753, Time: 00:07:27

Health: -3/32      AC:  7    Str: 12      XL:     6   Next: 28%
Magic:  1/11       EV: 12    Int: 16 (17) God:
Gold:   159        SH:  0    Dex:  7 (10) Spells: 8/12 levels left

rFire    . . .     SeeInvis .   f - +0 dagger
rCold    . . .     Gourm    .   (no shield)
rNeg     + + .     Faith    .   c - +1 robe
rPois    ∞         Spirit   .   (no helmet)
rElec    +         Reflect  .   (no cloak)
rCorr    .         Harm     .   (no gloves)
MR       .....                  (no boots)
Stlth    ++........             (no amulet)
HPRegen  0.10/turn              e - ring of positive energy
MPRegen  0.12/turn              (no ring)

@: no status effects
A: negative energy resistance 1, electricity resistance, unbreathing,
petrification resistance, rot immunity, AC +4
a: no special abilities


You were on level 4 of the Dungeon.
You were not hungry.

You visited 1 branch of the dungeon, and saw 4 of its levels.

You collected 159 gold pieces.

Inventory:

Hand Weapons
 f - a +0 dagger (weapon)
Missiles
 b - 17 stones (quivered)
Armour
 c - a +1 robe (worn)
Jewellery
 e - a ring of positive energy (left hand)
 j - a cursed ring of positive energy
Scrolls
 a - a scroll of magic mapping
 k - a scroll of amnesia
Potions
 h - a potion of brilliance
 i - a potion of heal wounds
Comestibles
 d - 9 rations
 g - a chunk of flesh


   Skills:
 - Level 1.5 Dodging
 - Level 2.1 Stealth
 + Level 3.7 Spellcasting
   Level 0.7 Transmutations
 * Level 7.1 Earth Magic


You had 8 spell levels left.
You knew the following spells:

 Your Spells              Type           Power        Failure   Level  Hunger
a - Sandblast             Erth           ####..       1%          1    None
b - Stone Arrow           Conj/Erth      ##....       12%         3    ###....

Your spell library contained the following spells:

 Spells                   Type           Power        Failure   Level  Hunger
 Passwall                 Tmut/Erth      ###.....     5%          2    ##.....
 Lee's Rapid Deconstruct  Erth           ####......   26%         5    ######.
 Petrify                  Tmut/Erth      ###.....     34%         4    ####...


Dungeon Overview and Level Annotations

Branches:
Dungeon (4/15)
 Temple: D:4-7

Altars:

Annotations:
D:4 Pikel


Innate Abilities, Weirdness & Mutations

You are resistant to torment.
Your stone body is resilient. (AC +4)
You are immune to poison.
You resist negative energy. (rN+)
You are resistant to electric shocks. (rElec)
You can survive without breathing.
You are immune to petrification.
You are immune to rotting.


Message History

Casting: Sandblast (safe; 1% risk of failure)
Confirm with . or Enter, or press ? or * to list all spells.
Aiming: Sandblast (safe; 1% risk of failure)
Press: ? - help, Shift-Dir - straight line, f/p - Pikel
Aim: Pikel, wielding a +2 whip of freezing and wearing a +0 robe (moderately The blast of sand hits Pikel.
Pikel is moderately wounded.
b - 17 stones Pikel hits you with a +2 whip of freezing.
* * * LOW HITPOINT WARNING * * *
Pikel freezes you.
* * * LOW HITPOINT WARNING * * *
A slave comes into view.
There is a stone staircase leading up here.
A worker ant comes into view.
Found 11 gold pieces.
Pikel closely misses you.
The slave shouts!
The slave hits you.
You die...

## .. ## #.# # ## #. ..
... ...# #.# # #.#
#.###.## # #.#
##......#### # #.#
#....$.....# # #.# #.#
#.@# # #.####.####pK# .#
#####........pa..##.###
...........p.......(...#
##########.##<..........
# #.#####.##..... #
##.#####p##..#.# #
#....ap..a$..#.# #
#.####.........


You could see Pikel, 4 slaves and 2 worker ants.

Vanquished Creatures
  2 hounds (D:4)
  An iguana (D:4)
  Natasha (twice) (D:3)
  3 adders (D:2)
  4 gnolls (D:3)
  An ooze (D:2)
  5 worms
  A dart slug (D:2)
  3 leopard geckos
  3 orcs (D:3)
  9 bats
  3 giant cockroaches
  5 goblins
  7 hobgoblins
  8 jackals
  3 kobolds
  2 ball pythons
  3 frilled lizards
  5 rats
70 creatures vanquished.

Vanquished Creatures (others)
  A jackal (D:4)
1 creature vanquished.

Grand Total: 71 creatures vanquished

Notes
Turn   | Place    | Note
-------+----------+-------------------------------------------
     0 | D:1      | JeffiDaFish the Gargoyle Earth Elementalist began the quest
                  | for the Orb.
     0 | D:1      | Reached XP level 1. HP: 10/10 MP: 3/3
   326 | D:1      | Reached skill level 4 in Earth Magic
   353 | D:1      | Reached XP level 2. HP: 9/15 MP: 1/5
  1442 | D:2      | Reached XP level 3. HP: 18/19 MP: 1/6
  1732 | D:2      | Reached skill level 5 in Earth Magic
  1762 | D:2      | Reached XP level 4. HP: 21/24 MP: 1/8
  1918 | D:2      | Found a faded altar of an unknown god.
  2489 | D:3      | Reached XP level 5. HP: 17/28 MP: 2/9
  2502 | D:3      | Reached skill level 6 in Earth Magic
  2698 | D:3      | Learned a level 3 spell: Stone Arrow
  3159 | D:3      | Noticed Natasha
  3162 | D:3      | Killed Natasha
  3311 | D:3      | Noticed Natasha
  3396 | D:3      | Killed Natasha
  3512 | D:4      | Reached XP level 6. HP: 23/32 MP: 2/11
  3722 | D:4      | Noticed a slave
  3725 | D:4      | Noticed Pikel
  3726 | D:4      | Reached skill level 7 in Earth Magic
  3727 | D:4      | Noticed a slave
  3740 | D:4      | Noticed a slave
  3742 | D:4      | Noticed a slave
  3753 | D:4      | Slain by a slave

Vault maps used:
D:1:      dpeg_arrival_leaves_temple_mockup, due_unseen_surprise
D:2:      chequers_ecumenical_altar_island
D:3:      chequers_serial_rivers_micro_a, uniq_natasha
D:4:      first_ration, serial_shops, shop, xom_confusion_cloud,
          uniq_blork_the_orc, uniq_pikel

Skill      XL: |  1  2  3  4  5  6 |
---------------+-------------------+-----
Earth Magic    | 4 5 6 7 |  7.1
Spellcasting   | 3 |  3.7
Dodging        | |  1.5
Stealth        | |  2.1
Transmutations | |  0.7

Action                   |  1- 3 |  4- 6 || total
-------------------------+-------+-------++-------
Melee: Dagger            |    58 |    20 ||    78
 Cast: Sandblast         |    38 |    63 ||   101
       Stone Arrow       |       |    10 ||    10
  Use: Potion            |     3 |     5 ||     8
       Scroll            |     2 |     3 ||     5
 Stab: Sleeping          |       |     1 ||     1
  Eat: Chunk             |     3 |     7 ||    10
Armor: Robe              |    25 |    14 ||    39
Dodge: Dodged            |    51 |    23 ||    74

Table legend:
 A = Non-vault XP
 B = Vault XP
 C = Vault XP percentage of total XP
 D = Non-vault monster count
 E = Vault monster count
 F = Vault count percentage of total count
                 A         B        C        D         E       F
            +---------+---------+-------+---------+---------+-------
      Total |     370 |      33 |   8.2 |      69 |       1 |   1.4
            +---------+---------+-------+---------+---------+-------
        D:1 |      22 |       0 |   0.0 |      13 |       0 |   0.0
        D:2 |     112 |       0 |   0.0 |      34 |       0 |   0.0
        D:3 |     117 |      33 |  22.0 |      18 |       1 |   5.3
        D:4 |     119 |       0 |   0.0 |       4 |       0 |   0.0
            +---------+---------+-------+---------+---------+-------
